 Dungeon Crawl Stone Soup version 0.32-a0-475-g46bb8dd (webtiles) character file.

Game seed: 7266716353315330118

141 Remcycle the Chopper (level 5, -1/41 HPs)
             Began as a Formicid Fighter on Feb 25, 2024.
             Slain by Crazy Yiuf
             ... wielding a +3 quarterstaff of chaos
              (9 damage)
             ... on level 2 of the Dungeon.
             The game lasted 00:03:45 (1498 turns).

Remcycle the Chopper (Formicid Fighter)             Turns: 1498, Time: 00:03:46

Health: -1/41      AC:  6    Str: 22    XL:     5   Next: 48%
Magic:  5/5        EV:  9    Int:  8    God:
Gold:   53         SH:  5    Dex: 13    Spells: 4/4 levels left

rFire   . . .        a - +0 war axe
rCold   . . .        c - +0 buckler
rNeg    . . .        b - +0 scale mail
rPois   .            (helmet unavailable)
rElec   .            (no cloak)
rCorr   .            (no gloves)
SInv    +            (no boots)
Will    .....        j - amulet of regeneration Stlth
                     (no ring)
HPRegen 1.06/turn    (no ring)
MPRegen 0.09/turn

%: no passive effects
@: brilliant
A: permanent stasis, dig shafts and tunnels, antennae 3, four strong arms
a: Dig, Shaft Self


You were on level 2 of the Dungeon.
You visited 1 branch of the dungeon, and saw 2 of its levels.

You collected 53 gold pieces.

Inventory:

Hand Weapons
 a - a +0 war axe (weapon)
Missiles
 e - a throwing net (quivered)
Armour
 b - a +0 scale mail (worn)
 c - a +0 buckler (worn)
Jewellery
 j - an amulet of regeneration (around neck)
Scrolls
 d - a scroll of brand weapon {unknown}
 g - a scroll of silence {unknown}
 k - a scroll of revelation {unknown}
 n - a scroll of identify {unknown}
Potions
 f - a potion of curing {unknown}
 h - a potion of brilliance
 i - a potion of berserk rage {unknown}
 l - 2 potions of enlightenment {unknown}
 m - a potion of resistance {unknown}


   Skills:
 - Level 3.2 Fighting
 + Level 5.3 Axes
 - Level 3.2 Armour
 - Level 4.0 Shields


You had 4 spell levels left.
You didn't know any spells.
Your spell library contained the following spells:

 Spells                   Type           Power      Damage    Failure   Level
 Foxfire                  Conj/Fire      0%         2x1d4     80%         1
 Plasma Beam              Fire/Air       0%         2x1d10    100%        6
 Starburst                Conj/Fire      0%         6d3       100%        6


Dungeon Overview and Level Annotations

Branches:
Dungeon (2/15)

Altars:

Shops:
D:1 [

Annotations:
D:2 Crazy Yiuf


Innate Abilities, Weirdness & Mutations

You cannot be hasted, slowed, berserked, paralysed or teleported.
You can dig through walls and to a lower floor.
You have a pair of large antennae on your head. (SInv)
Your four strong arms can wield two-handed weapons with a shield.


Message History

The fungus is moderately damaged.
You slash the fungus!
A nearby fungus withers and dies. x2
Found a hammer.
Found a runed translucent door.
No target in view!
Crazy Yiuf shouts!
You open the door. You hit Crazy Yiuf.
Crazy Yiuf is lightly wounded.
Crazy Yiuf hits you with a +3 quarterstaff of chaos.
Crazy Yiuf freezes you. Crazy Yiuf barely misses you.
You slash Crazy Yiuf!
Crazy Yiuf is heavily wounded.
Crazy Yiuf hits you with a +3 quarterstaff of chaos.
Crazy Yiuf draws strength from your wounds!
You hit Crazy Yiuf but do no damage.
Crazy Yiuf is moderately wounded.
You block Crazy Yiuf's attack.
You barely miss Crazy Yiuf.
Crazy Yiuf is moderately wounded.
Crazy Yiuf hits you with a +3 quarterstaff of chaos.
Crazy Yiuf hits you with a +3 quarterstaff of chaos!
Crazy Yiuf freezes you.
* * * LOW HITPOINT WARNING * * *
You hit Crazy Yiuf.
Crazy Yiuf is heavily wounded.
Crazy Yiuf yells, "Shower high tired!"
Crazy Yiuf hits you with a +3 quarterstaff of chaos.
* * * LOW HITPOINT WARNING * * *
Crazy Yiuf draws strength from your wounds!
It was a potion of brilliance.
You feel clever all of a sudden.
Crazy Yiuf grits, "Shadow alas bush!"
Crazy Yiuf hits you with a +3 quarterstaff of chaos.
* * * LOW HITPOINT WARNING * * *
Crazy Yiuf freezes you.
* * * LOW HITPOINT WARNING * * *
You barely miss Crazy Yiuf.
Crazy Yiuf is moderately wounded.
Crazy Yiuf hits you with a +3 quarterstaff of chaos!
You die...

..#####....)....#.............###
..).)....########.#######..######
..######## #.# #.......# .## ###
#.#####.# ## #.# #)# ######♣♣♣♣♣
#.# #.# #...+.P.♣.♣♣♣ ### #.# #.#
#........♣..♣#...# #.# #.#
#.......♣♣♣♣@g...# #.#####.#
#####.#.+..♣♣ ♣♣#..)# #.......#
........##♣♣ ### #########
#########


You could see Crazy Yiuf.

Vanquished Creatures
  Robin (D:2)
  4 gnolls
  2 adders (D:2)
  3 dart slugs
  6 endoplasms
  3 giant cockroaches (D:1)
  13 goblins
  4 hobgoblins
  6 jackals
  6 kobolds
  A quokka (D:1)
  3 ball pythons
  8 bats
  2 frilled lizards (D:1)
  2 rats
64 creatures vanquished.

Notes
Turn   | Place    | Note
-------+----------+-------------------------------------------
     0 | D:1      | Remcycle the Formicid Fighter began the quest for the Orb.
     0 | D:1      | Reached XP level 1. HP: 18/18 MP: 1/1
    45 | D:1      | Reached XP level 2. HP: 24/24 MP: 2/2
    58 | D:1      | Found Rimet's Antique Armour Boutique.
   121 | D:1      | Reached skill level 3 in Axes
   199 | D:1      | Reached XP level 3. HP: 21/29 MP: 3/3
   583 | D:2      | Reached skill level 4 in Axes
   583 | D:2      | Reached XP level 4. HP: 11/35 MP: 4/4
   914 | D:2      | Reached XP level 5. HP: 41/41 MP: 5/5
  1015 | D:2      | Noticed Robin
  1019 | D:2      | Reached skill level 5 in Axes
  1031 | D:2      | HP: 2/41 [Robin/+0 spear (2)]
  1046 | D:2      | Killed Robin
  1487 | D:2      | Found a runed translucent door.
  1488 | D:2      | Noticed Crazy Yiuf
  1498 | D:2      | Slain by Crazy Yiuf

Illustrated notes

Levels and vault maps discovered:
D:1:      lemuel_arrival_broad_hall, layout_rooms, serial_shops,
          nicolae_shop_window_shopping
D:2:      layout_loops_ring, uniq_robin, uniq_crazy_yiuf_cottage

Skill      XL: |  1  2  3  4  5 |
---------------+----------------+-----
Axes           | 3 4 5 |  5.3
Fighting       | |  3.2
Armour         | |  3.2
Shields        | |  4.0

Action                     |  1- 3 |  4- 6 || total
---------------------------+-------+-------++-------
  Melee: War axe           |    72 |    95 ||   167
    Use: Potion            |       |     3 ||     3
 Armour: Scale mail        |    49 |    76 ||   125
  Dodge: Dodged            |    43 |    39 ||    82
  Block: Buckler           |    17 |    23 ||    40

Table legend: (Time is in decaauts)
 A = Elapsed time spent in this place.
 B = Non-inter-level travel time spent in this place.
 C = Inter-level travel time spent in this place.
 D = Time resting spent in this place.
 E = Time spent auto-exploring this place.
 F = Levels seen in this place.
 G = Mean time per level.
                   A        B        C        D        E       F      G
               +--------+--------+--------+--------+--------+-----+--------+
         Total |   1553 |   1530 |     23 |     24 |   1115 |   2 |  776.5 |
       Dungeon |   1553 |   1530 |     23 |     24 |   1115 |   2 |  776.5 |
               +--------+--------+--------+--------+--------+-----+--------+

Top non-repeatable levels by time:
     D:2: 955 daAuts
     D:1: 597 daAuts
